 Dungeon Crawl Stone Soup version 0.29.1-13-g9f3cf754e1 (webtiles) character file.

Game seed: 17170524271366636471

387 KyoPewz the Gusty (level 6, -4/24 HPs)
             Began as a Felid Air Elementalist on Feb 10, 2023.
             Killed by divine providence
             ... invoked by an orc priest
              (8 damage)
             ... on level 6 of the Dungeon.
             The game lasted 00:44:02 (8186 turns).

KyoPewz the Gusty (Felid Air Elementalist)          Turns: 8186, Time: 00:44:03

Health: -4/24      AC:  2    Str:  4    XL:     6   Next: 49%
Magic:  13/13      EV: 18    Int: 18    God:
Gold:   256        SH:  0    Dex: 17    Spells: 0/13 levels left
                                        Lives:  0   Deaths: 2

rFire   . . .      SeeInvis +   (weapon unavailable)
rCold   . . .      Faith    .   (shield unavailable)
rNeg    . . .      Spirit   .   (body armour unavailable)
rPois   .          Reflect  .   (helmet unavailable)
rElec   .          Harm     .   (cloak unavailable)
rCorr   +          Rampage  .   (gloves unavailable)
Will    .....                   (boots unavailable)
Stlth   +++.......              (no amulet)
HPRegen 0.08/turn               p - ring of resist corrosion
MPRegen 0.13/turn               s - +4 ring of slaying

@: quick
A: very small, claws 1, fangs 3, see invisible, speed 1, shaggy fur 2, stealthy
paws, no weapons or thrown items, no armour, multi-lived
a: no special abilities


You were on level 6 of the Dungeon.
You visited 1 branch of the dungeon, and saw 6 of its levels.

You collected 284 gold pieces.
You spent 28 gold pieces at shops.

Inventory:

Jewellery
 j - an amulet of faith
 p - a ring of resist corrosion (left paw)
 s - a +4 ring of slaying (right paw)
 x - a ring of flight
Wands
 r - a wand of mindburst (7)
 u - a wand of flame (5) {@V1}
Scrolls
 b - a scroll of blinking
 d - 2 scrolls of magic mapping
 f - a scroll of enchant armour {unknown}
 h - 2 scrolls of noise
 k - a scroll of teleportation
 l - 2 scrolls of enchant weapon {unknown}
 m - 2 scrolls of immolation
 o - 2 scrolls of fog {unknown}
 t - a scroll of amnesia {unknown}
Potions
 a - a potion of magic
 c - 2 potions of attraction
 e - 2 potions of flight
 g - a potion of might
 i - a potion of heal wounds {unknown}
 q - a potion of curing
 v - a potion of mutation {unknown}
 w - a potion of berserk rage {unknown}


   Skills:
 - Level 4.0 Dodging
 - Level 3.6 Stealth
 - Level 4.0 Spellcasting
 - Level 2.0 Conjurations
 * Level 7.4 Air Magic


You couldn't memorise any spells.
You knew the following spells:

 Your Spells              Type           Power      Damage    Failure   Level
a - Shock                 Conj/Air       80%        1d8       2%          1
b - Static Discharge      Conj/Air       20%        3-6/arc   3%          2
c - Swiftness             Air            30%        N/A       1%          3
d - Airstrike             Air            15%        2d(3-19)  7%          4
e - Tukima's Dance        Hex            3%         N/A       41%         3

Your spell library contained the following spells:

 Spells                   Type           Power      Damage    Failure   Level
 Leda's Liquefaction      Hex/Erth       1%         N/A       82%         4
 Passage of Golubria      Tloc           3%         N/A       82%         4
 Lee's Rapid Deconstruct  Erth           1%         3d5*      99%         5
 Yara's Violent Unravell  Hex/Tmut       1%         3d3       99%         5
 Statue Form              Tmut/Erth      2%         N/A       100%        6


Dungeon Overview and Level Annotations

Branches:
Dungeon (6/15)
 Temple: D:4-7

Altars:
Hepliaklqana
Kikubaaqudgha
Nemelex Xobeh
Okawaru
Ru
The Shining One

Shops:
D:1 [   D:5 *

Annotations:
D:3 exclusion: downstairs
D:4 exclusions: downstairs and ogre
D:5 3 runed translucent doors, Dowan; Revguard's ghost, novice FoFi
D:6 Sigmund


Innate Abilities, Weirdness & Mutations

You have sharp claws.
You have razor-sharp teeth.
You have supernaturally acute eyesight. (SInv)
You cover ground quickly. (Speed+)
You are covered in thick fur. (AC +2)
Your paws help you pounce on unaware monsters.
You are incapable of wielding weapons or throwing items.
You cannot wear armour.
You gain extra lives every three experience levels.


Message History

The plant is lightly damaged.
A nearby plant withers and dies.
A nearby plant withers and dies.
You open the door. You open the door.
A gnoll comes into view. It is wielding a +0 flail.
The gnoll shouts!
The zap hits the gnoll.
The gnoll is lightly wounded.
The gnoll barely misses you.
The zap hits the gnoll!
The gnoll is almost dead.
The gnoll hits you with a +0 flail.
The zap misses the gnoll.
The gnoll closely misses you.
The zap hits the gnoll.
You kill the gnoll!
You start resting.
HP restored.
You start resting.
Magic restored.
Found 7 stones.
An orc priest and an orc wizard come into view.
The orc wizard shouts!
The orc priest shouts!
An orc comes into view. It is wielding a +0 dagger.
An orc warrior comes into view. It is wielding a +0 glaive.
The orc warrior shouts!
The orc wizard points at you and mumbles some strange words.
The puff of flame hits you! The orc wizard casts a spell at you.
You are confused.
You bump into the rock wall.
The orc priest mumbles some strange prayers to Beogh against you.
Beogh smites you!
Ouch! That really hurt!
* * * LOW HITPOINT WARNING * * *
You bump into the rock wall.
You feel less confused.
The orc priest calls down the wrath of Beogh upon you.
Beogh smites you!
You die...

♣♣.......P..#.# ....
♣♣..♣......P...# ♣♣...
♣♣..PP.###..PP.##
.....♣.♣♣♣P.♣P♣..#.#.P.P.# #♣
♣♣.....♣♣.P♣♣.♣P..#'#...P.# #.♣P
.......♣.PP.......†..P..#
##♣.♣.###...♣.PP.........P..#.#
#..♣..#.#....♣P....8..)....P....#
#..P♣.#'#.......@..........#..#.#
#...........P.P♣..8....♣..#.....
#♣........#o..♣♣P....♣..♣...##.#
♣P........o#o...♣...♣♣♣.♣♣P.# .#
♣P♣.#)#.....#..P♣..P..♣♣.)♣..#
♣♣..#.#.........♣♣P♣P...P..♣.#
♣.P.###......P...♣♣..♣♣P.♣♣♣.#
#.♣........#'#.....♣...P♣.♣
#..........#.#...P♣♣♣.P.♣♣♣


You could see an orc warrior, an orc priest and an orc wizard.

Vanquished Creatures
  Eustachio (D:5)
  Duvessa (D:5)
  2 ice beasts (D:5)
  A centaur (D:5)
  A scorpion (D:4)
  A jelly (D:5)
  3 iguanas
  3 orc wizards (D:5)
  2 gnolls (D:6)
  9 adders
  A river rat (D:6)
  A white imp (D:5)
  2 ufetubi
  2 dart slugs (D:1)
  17 orcs
  9 ball pythons
  4 endoplasms
  3 giant cockroaches
  6 goblins
  4 hobgoblins
  7 jackals
  7 kobolds
  A quokka (D:3)
  7 bats
  2 frilled lizards (D:1)
  2 rats
  A rat zombie (D:6)
100 creatures vanquished.

Vanquished Creatures (others)
  18 plants
18 creatures vanquished.

Grand Total: 118 creatures vanquished

Notes
Turn   | Place    | Note
-------+----------+-------------------------------------------
     0 | D:1      | KyoPewz the Felid Air Elementalist began the quest for the
                  | Orb.
     0 | D:1      | Reached XP level 1. HP: 7/7 MP: 4/4
   441 | D:1      | Reached XP level 2. HP: 4/11 MP: 1/6
   722 | D:1      | Found a faded altar of an unknown god.
   754 | D:1      | Reached skill level 3 in Air Magic
   999 | D:1      | Found Bef Fobb's Antique Armour Shop.
  1028 | D:1      | Reached XP level 3. HP: 14/14 MP: 0/7
  1274 | D:1      | Reached skill level 1 in Conjurations
  1459 | D:1      | Learned a level 2 spell: Static Discharge
  1463 | D:1      | Learned a level 3 spell: Swiftness
  2528 | D:2      | Found a sparkling altar of Nemelex Xobeh.
  2668 | D:2      | Reached XP level 4. HP: 18/18 MP: 5/8
  3850 | D:4      | Noticed a scorpion
  4036 | D:5      | Entered Level 5 of the Dungeon
  4066 | D:4      | Noticed an ogre
  4264 | D:4      | Reached XP level 5. HP: 12/21 MP: 0/10
  4393 | D:4      | Learned a level 4 spell: Airstrike
  5607 | D:5      | Noticed Duvessa
  5607 | D:5      | Noticed Dowan
  5607 | D:5      | Found Nepsadur's General Store.
  5659 | D:5      | Noticed Eustachio
  5801 | D:5      | HP: 1/21 [Eustachio/puff of flame (11)]
  5804 | D:5      | Killed Eustachio
  5805 | D:5      | Reached skill level 4 in Air Magic
  5805 | D:5      | Gained mutation: You are covered in thick fur. (AC +2)
                  | [Felid growth]
  5805 | D:5      | Reached XP level 6. HP: 1/24 MP: 4/13
  6330 | D:5      | Found an iron altar of Okawaru.
  6368 | D:5      | Noticed an ice beast
  6410 | D:5      | Killed an ice beast
  6411 | D:5      | Reached skill level 5 in Air Magic
  6415 | D:5      | Learned a level 3 spell: Tukima's Dance
  6473 | D:5      | Reached XP level 7. HP: 27/27 MP: 7/14
  6550 | D:5      | Noticed Revguard's ghost (novice FoFi)
  6585 | D:5      | Found a runed translucent gate.
  6585 | D:5      | Found a runed translucent gate.
  6586 | D:5      | Found a runed translucent gate.
  6647 | D:5      | HP: 1/27 [centaur/arrow (9)]
  6647 | D:5      | Shot with an arrow by a centaur
  6648 | D:5      | Reached XP level 6. HP: -9/24 MP: 13/13
  6718 | D:5      | Found a glowing golden altar of the Shining One.
  6723 | D:5      | Found a hazy altar of Hepliaklqana.
  6726 | D:5      | Found a sacrificial altar of Ru.
  6922 | D:6      | Reached skill level 6 in Air Magic
  6971 | D:6      | Found an ancient bone altar of Kikubaaqudgha.
  6988 | D:6      | Noticed Sigmund
  7194 | D:5      | Noticed an ice beast
  7216 | D:5      | Killed an ice beast
  7217 | D:5      | Reached XP level 7. HP: 27/27 MP: 9/14
  7290 | D:5      | Bought a scroll of identify for 28 gold pieces
  7450 | D:5      | Killed Duvessa
  7451 | D:5      | Reached skill level 7 in Air Magic
  7792 | D:5      | Killed from afar by Dowan
  7793 | D:5      | Reached XP level 6. HP: 0/24 MP: 9/13
  8165 | D:6      | Noticed an orc warrior
  8186 | D:6      | Killed from afar by an orc priest

Illustrated notes

Levels and vault maps discovered:
D:1:      amcnicky_arrival_blooded_trapdoor, layout_rooms,
          ebering_ecumenical_altar_abandoned, serial_shops, shop,
          minmay_tetromino_o2
D:2:      layout_basic, basic_altar, minmay_shallow_snake_nest
D:3:      layout_basic, feat_on_display
D:4:      layout_gridville, palyth_stone_intersect
D:5:      layout_basic, overflow_temple_1_default,
          minmay_overflow_temple_star_quad, gammafunk_ghost_split,
          nicolae_stop_n_shop_2, uniq_eustachio, uniq_duvessa
D:6:      wad_woods_settlement, layout_basic, lemuel_zombie_altar_kikubaaqudgha,
          uniq_crazy_yiuf_cottage, uniq_sigmund

Skill      XL: |  1  2  3  4  5  6  7 |
---------------+----------------------+-----
Stealth        | 3 |  3.6
Dodging        | 3 4 |  4.0
Air Magic      | 3 4 6 7 |  7.4
Conjurations   | 1 2 |  2.0
Spellcasting   | 3 4 |  4.0

Action                   |  1- 3 |  4- 6 |  7- 9 || total
-------------------------+-------+-------+-------++-------
Melee: Unarmed           |    38 |    34 |     1 ||    73
       Bite              |     3 |     4 |       ||     7
       Punch             |     2 |       |       ||     2
 Cast: Shock             |    97 |   150 |    37 ||   284
       Static Discharge  |       |     5 |     2 ||     7
       Airstrike         |       |     4 |     2 ||     6
Evoke: Wand              |       |    14 |       ||    14
  Use: Scroll            |       |     1 |     7 ||     8
 Stab: Sleeping          |     2 |     2 |       ||     4
Armor: Skin              |    11 |       |     1 ||    12
Dodge: Dodged            |    70 |    55 |     5 ||   130
